Map: Abyssal Reef LE

Players

Honor - Winner!

  • Race: Zerg Zerg
  • League: Master
  • Spawn Location: 11:00

A.I. 1 (Elite)

  • Race: Terran Terran
  • Spawn Location: 5:00

VOD

Have the link to the VOD?

Description

Time

  • Played on: Dec. 13, 2017, 8:50 a.m.
  • Length: 7:28
Show
View Real Time Build Order
Export as new Build Order

Honor Zerg - Winner!

Build Orders: Pool First 

Get SALT Encoding   

  12  0:01  Drone  
  13  0:12  Overlord  
  13  0:17  Drone  
  14  0:31  Drone x2  
  14  0:34  Drone  
  17  0:46  Spawning Pool  
  16  0:50  Drone  
  17  1:13  Hatchery  
  17  1:15  Drone  
  17  1:18  Extractor  
  17  1:20  Drone  
  17  1:25  Drone  
  18  1:29  Drone  
  19  1:39  Queen  
  21  1:47  Overlord  
  21  1:53  Drone  
  22  2:06  Drone  
  23  2:15  Queen  
  25  2:19  Metabolic Boost  
  25  2:23  Roach Warren  
  25  2:26  Drone  
  25  2:29  Drone  
  26  2:32  Drone  
  26  2:36  Drone  
  28  2:39  Drone  
  28  2:44  Drone  
  30  2:50  Drone x2  
  30  2:51  Drone  
  33  2:59  Lair  
  33  3:04  Evolution Chamber  
  32  3:08  Extractor, Drone  
  32  3:09  Drone  
  33  3:14  Spore Crawler  
  33  3:17  Drone x2  
  34  3:24  Spore Crawler  
  34  3:25  Overlord  
  33  3:27  Drone  
  33  3:29  Drone  
  35  3:34  Zerg Melee Weapons Level 1  
  35  3:37  Drone  
  36  3:44  Drone x3  
  36  3:45  Drone  
  40  3:50  Overlord  
  40  4:00  Drone  
  40  4:01  Drone  
  40  4:02  Drone  
  43  4:04  Extractor  
  43  4:05  Drone x2  
  44  4:10  Drone  
  44  4:11  Overlord x2  
  44  4:14  Glial Reconstitution  
  45  4:21  Overlord  
  45  4:23  Roach  
  49  4:31  Roach x4  
  49  4:34  Roach  
  49  4:36  Roach  
  49  4:38  Roach  
  61  4:41  Roach  
  63  4:45  Overlord  
  63  4:46  Overlord  
  63  4:56  Roach x2  
  63  4:57  Roach x2  
  71  5:00  Roach  
  71  5:02  Roach  
  71  5:05  Roach  
  77  5:08  Roach  
  77  5:12  Roach  
  77  5:13  Roach  
  83  5:20  Overlord  
  83  5:22  Overlord  
  83  5:30  Roach x4  
  91  5:39  Roach x2  
  91  5:40  Roach x2  
  99  5:49  Roach  
  101  5:53  Overlord  
  101  5:59  Overlord  
  101  6:01  Roach x2  
  105  6:06  Roach  
  105  6:10  Overlord x2  
  107  6:15  Roach x2  
  109  6:27  Roach x2  
  109  6:32  Roach x2  
  103  6:35  Roach x5  
  103  6:36  Roach  
  111  6:48  Roach x2  
  113  6:56  Roach  
  109  7:02  Roach  
  109  7:03  Roach x3  
  109  7:07  Roach x3  
Show
View Real Time Build Order
Export as new Build Order

A.I. 1 (Elite) Terran 

Build Orders: MMM Bio 

Get SALT Encoding   

  12  0:00  SCV  
  13  0:13  SCV  
  14  0:18  Supply Depot  
  14  0:25  SCV  
  15  0:30  Refinery  
  15  0:40  SCV  
  16  0:47  Barracks  
  16  0:52  SCV  
  17  1:04  SCV  
  17  1:10  Supply Depot  
  18  1:16  SCV  
  19  1:28  SCV  
  20  1:37  Marine, Factory  
  21  1:45  Barracks  
  21  1:46  SCV  
  22  1:55  Marine  
  22  1:58  SCV  
  24  2:03  Supply Depot  
  24  2:10  SCV  
  24  2:13  Marine  
  26  2:22  Factory Tech Lab, SCV  
  27  2:31  Marine  
  27  2:34  SCV  
  27  2:36  Marine  
  30  2:43  Siege Tank  
  33  2:46  SCV  
  34  3:05  SCV  
  34  3:06  Command Center  
  35  3:18  Orbital Command, Refinery  
  35  3:28  Marine  
  35  3:30  Marine  
  37  3:44  SCV  
  37  3:46  Marine  
  37  3:47  Supply Depot  
  39  3:58  Barracks  
  39  4:04  Barracks Tech Lab  
  39  4:09  Marine, SCV  
  41  4:18  SCV  
  41  4:21  SCV  
  41  4:22  Starport  
  43  4:26  Marine  
  43  4:27  Barracks Tech Lab  
  43  4:30  SCV  
  45  4:33  SCV  
  45  4:35  Stimpack  
  46  4:42  SCV  
  46  4:44  Marine, Combat Shields  
  48  4:45  SCV  
  48  4:51  Marine  
  50  4:53  Marine  
  50  4:54  SCV  
  50  4:57  SCV  
  53  5:02  Marine  
  53  5:06  Engineering Bay, SCV  
  55  5:09  Marauder  
  55  5:10  SCV  
  58  5:16  Supply Depot  
  58  5:19  SCV  
  58  5:20  Marauder  
  61  5:27  Refinery  
  61  5:31  Refinery  
  61  5:32  Orbital Command  
  61  5:38  Marauder, SCV  
  61  5:39  Engineering Bay  
  61  5:42  Supply Depot  
  64  5:44  Marauder  
  64  5:49  Barracks Reactor  
  66  5:50  SCV  
  66  5:59  Marauder  
  66  6:02  SCV  
  66  6:04  SCV  
  70  6:05  Marauder  
  70  6:07  Supply Depot  
  72  6:14  SCV  
  72  6:16  SCV  
  73  6:21  Marauder  
  73  6:25  Marine  
  73  6:26  Marauder, SCV  
  73  6:28  Marine, SCV  
  66  6:36  Supply Depot  
  66  6:38  SCV  
  54  6:41  SCV  
  54  6:42  Marauder  
  54  6:43  Marine  
  54  6:46  Marine  
  54  6:48  Marauder  
  54  6:50  SCV  
  54  6:53  SCV  
  54  6:56  Medivac  
  54  7:01  Marine  
  54  7:02  SCV  
  54  7:04  Marine, Marauder  
Tags
 
Composition
MMM Bio
League
Master
Matchup
TvZ
Opening
Pool First
Spawn Locations
Cross Positions
Add a new tag
Caveats
  • Supply blocks, unpowered buildings, or Contaminate may cause inaccurate times.
  • Supply counts are checked every 10 seconds.